Map: Discord IV

Players

irvinz

  • Race: Zerg Zerg
  • Spawn Location: 9:00

fortes - Winner!

  • Race: Zerg Zerg
  • Spawn Location: 5:00

DarkTemplar - Winner!

  • Race: Protoss Protoss
  • League: Silver
  • Spawn Location: 5:00

VOD

Have the link to the VOD?

Description

Time

  • Played on: Aug. 17, 2018, 6:19 p.m.
  • Length: 6:46
Show
View Real Time Build Order
Export as new Build Order

irvinz Zerg 

Build Orders: Hatch First 

Get SALT Encoding   

  12  0:01  Drone  
  13  0:09  Drone  
  14  0:35  Hatchery  
  13  0:37  Drone  
  14  0:45  Overlord  
  14  1:02  Spawning Pool  
  13  1:06  Drone  
  13  1:09  Drone  
  15  1:13  Drone  
  16  1:23  Drone  
  17  1:29  Drone  
  17  1:30  Extractor  
  17  1:39  Drone  
  18  1:47  Overlord  
  18  1:49  Queen  
  18  1:52  Zergling x2  
  22  2:01  Drone  
  22  2:02  Drone  
  23  2:10  Drone  
  23  2:11  Drone  
  25  2:18  Queen  
  25  2:21  Drone  
  28  2:25  Drone  
  29  2:30  Drone  
  29  2:32  Drone  
  29  2:35  Metabolic Boost  
  31  2:41  Drone  
  32  2:46  Queen  
  35  2:51  Zergling x2  
  35  2:52  Drone  
  35  2:54  Overlord  
  36  3:12  Drone x4  
  40  3:15  Overlord  
  40  3:23  Drone  
  40  3:25  Drone  
  42  3:29  Drone x2  
  44  3:34  Drone x2  
  44  3:35  Drone  
  44  3:36  Overlord  
  47  3:42  Hatchery  
  47  3:43  Drone  
  47  3:46  Zergling x2  
  47  3:50  Zergling x2  
  47  3:52  Lair  
  47  3:56  Drone  
  47  3:57  Extractor  
  47  4:00  Extractor, Drone  
  47  4:02  Extractor  
  46  4:05  Drone x5  
  46  4:06  Drone  
  52  4:14  Zergling x4  
  54  4:23  Zergling x2  
  55  4:30  Zergling x2  
  56  4:35  Zergling x2  
  57  4:43  Zergling x6  
  57  4:44  Zergling x2  
  57  4:53  Overseer  
  53  5:14  Drone, Zergling x4  
  53  5:15  Drone, Zergling x4  
  52  5:22  Zergling x2  
  50  5:34  Zergling x4  
  51  5:40  Spine Crawler  
  51  5:41  Zergling x2  
  51  5:42  Spine Crawler  
  44  5:46  Spine Crawler  
  44  5:48  Spine Crawler  
  30  5:51  Spine Crawler  
  30  5:52  Spine Crawler, Zergling x4  
  30  5:53  Zergling x2  
  22  5:57  Zergling x2  
  22  5:58  Zergling x6  
  22  6:02  Zergling x2  
  22  6:03  Zergling x4  
Show
View Real Time Build Order
Export as new Build Order

fortes Zerg - Winner!

Build Orders: Hatch First 

Get SALT Encoding   

  12  0:07  Overlord  
  12  0:16  Drone  
  12  0:18  Drone  
  14  0:29  Drone  
  15  0:37  Drone  
  16  0:46  Drone  
  17  1:04  Drone x2  
  19  1:06  Hatchery  
  18  1:19  Drone, Spawning Pool  
  18  1:30  Drone  
  19  1:54  Drone  
  19  1:55  Drone  
  21  2:05  Drone  
  22  2:11  Hatchery  
  21  2:17  Zergling x2  
  22  2:23  Extractor  
  21  2:30  Overlord  
  21  2:38  Drone x2  
  21  2:42  Drone x2  
  25  2:47  Drone  
  26  2:56  Extractor, Drone x2  
  27  2:59  Hatchery  
  27  3:05  Drone  
  27  3:18  Zergling x6  
  30  3:24  Zergling x2  
  31  3:31  Zergling x4  
  33  3:42  Zergling x4  
  33  3:43  Drone x2  
  33  3:47  Drone x2  
  38  3:59  Drone x3  
  38  4:02  Lair  
  41  4:14  Extractor  
  41  4:15  Extractor  
  39  4:29  Evolution Chamber, Zergling x2  
  39  4:30  Zergling x2  
  40  4:36  Drone x5  
  40  4:37  Drone x2  
  47  4:49  Overlord x2  
  47  5:10  Hatchery  
  46  5:26  Drone x3  
  46  5:27  Drone x7  
  46  5:28  Drone x2  
  57  6:03  Zergling x2  
  59  6:04  Zergling x16  
  59  6:06  Overlord x2  
  59  6:07  Overlord  
Show
View Real Time Build Order
Export as new Build Order

DarkTemplar Protoss - Winner!

Build Orders:  

Get SALT Encoding   

  12  0:01  Probe  
  13  0:13  Probe  
  14  0:25  Probe  
  15  0:38  Pylon  
  15  0:44  Assimilator  
  15  0:48  Assimilator  
  15  0:53  Probe  
  16  1:01  Probe  
  16  1:09  Probe  
  17  1:12  Gateway  
  17  1:17  Probe  
  19  1:32  Probe  
  20  1:35  Pylon  
  20  1:44  Probe  
  21  1:55  Pylon  
  21  1:58  Probe  
  22  2:03  Cybernetics Core  
  22  2:07  Probe  
  23  2:22  Probe  
  23  2:30  Warp Gate  
  23  2:31  Zealot  
  25  2:37  Gateway  
  25  2:46  Pylon  
  25  2:50  Robotics Facility  
  25  3:26  Zealot  
  27  3:27  Zealot  
  27  3:28  Gateway  
  27  3:31  Gateway  
  29  3:34  Gateway  
  29  3:43  Immortal  
  33  3:51  Pylon  
  33  4:09  Forge  
  33  4:12  Pylon  
  33  4:42  Zealot  
  33  4:43  Zealot x2  
  33  4:44  Zealot x2  
  39  5:06  Zealot x2  
  41  5:07  Zealot  
  41  5:08  Zealot x2  
  39  5:41  Zealot x2  
  39  5:42  Zealot x2  
  47  5:43  Zealot  
Tags
 
Add a new tag
Caveats
  • Supply blocks, unpowered buildings, or Contaminate may cause inaccurate times.
  • Supply counts are checked every 10 seconds.